 Dungeon Crawl Stone Soup version 0.29.1-1-gd02db6906a (webtiles) character file.

Game seed: 8891117709430997766

60 MuMoEnjoyer the Ruffian (level 3, 0/29 HPs)
             Began as a Mummy Monk on Oct 17, 2022.
             Slain by an ufetubus (1 damage)
             ... on level 4 of the Dungeon.
             The game lasted 00:06:45 (4723 turns).

MuMoEnjoyer the Ruffian (Mummy Monk)                Turns: 4723, Time: 00:06:46

Health: 0/29       AC:  0    Str: 16    XL:     3   Next: 80%
Magic:  3/3        EV: 12    Int:  9    God:
Gold:   96         SH:  0    Dex: 14    Spells: 2/2 levels left

rFire   x . .      SeeInvis .     - Unarmed
rCold   + . .      Faith    .   (no shield)
rNeg    + + +      Spirit   .   (no body armour)
rPois   ∞          Reflect  .   (no helmet)
rElec   .          Harm     .   (no cloak)
rCorr   .          Rampage  .   (no gloves)
Will    .....                   (no boots)
Stlth   ++........              (no amulet)
HPRegen 0.09/turn               (no ring)
MPRegen 0.08/turn               (no ring)

@: about to teleport
A: cold resistance 1, negative energy resistance 3, torment resistance 2, heat
vulnerability 1, in touch with death 1, no potions
a: no special abilities


You were on level 4 of the Dungeon.
You visited 1 branch of the dungeon, and saw 5 of its levels.

You collected 96 gold pieces.

Inventory:

Missiles
 b - a throwing net (quivered)
Jewellery
 a - an amulet of regeneration
 e - a ring of see invisible
Wands
 d - a wand of roots (6)
Scrolls
 g - 3 scrolls of noise


   Skills:
 - Level 3.0 Fighting
 - Level 2.4 Dodging
 - Level 1.5 Stealth
 * Level 4.0 Unarmed Combat


You had 2 spell levels left.
You didn't know any spells.
Your spell library was empty.

Dungeon Overview and Level Annotations

Branches:
Dungeon (5/15)
 Temple: D:4-7

Altars:

Annotations:
D:4 Menkaure


Innate Abilities, Weirdness & Mutations

You are immune to poison.
Your flesh is cold resistant. (rC+)
You are immune to negative energy. (rN+++)
You are immune to unholy pain and torment.
You are vulnerable to heat. (rF-)
You are in touch with the powers of death.
You do not drink.


Message History

An ufetubus, a dart slug and a ball python come into view.
Found 12 gold pieces.
Found a stone staircase leading up.
The ball python hisses angrily.
The ufetubus hits you. The ufetubus barely misses you.
You hit the ufetubus.
The ufetubus is severely wounded.
The ufetubus barely misses you. The ufetubus closely misses you.
You closely miss the ufetubus.
The ufetubus is severely wounded.
The ufetubus barely misses you. The ufetubus hits you. x3
You closely miss the ufetubus.
The ufetubus is severely wounded.
The ufetubus closely misses you. The ufetubus hits you.
You hit the ufetubus but do no damage.
The ufetubus is severely wounded.
The ufetubus barely misses you. The ufetubus closely misses you.
The ball python bites you. The ball python grabs you.
The ball python constricts you.
You hit the ball python.
You kill the ball python!
The ufetubus hits you. x2; The ufetubus barely misses you. x2
Your Unarmed Combat skill increases to level 4!
You are too injured to fight recklessly!
You are too injured to fight recklessly!
You are too injured to fight recklessly!
You are too injured to fight recklessly!
You are too injured to fight recklessly!
You miss the ufetubus.
The ufetubus is severely wounded.
The ufetubus hits you. x2
* * * LOW HITPOINT WARNING * * *
You barely miss the ufetubus. Your punch misses the ufetubus.
The ufetubus is severely wounded.
The ufetubus hits you.
* * * LOW HITPOINT WARNING * * *
The ufetubus barely misses you. x2; The ufetubus hits you.
* * * LOW HITPOINT WARNING * * *
As you read the scroll of teleportation, it crumbles to dust.
You feel strangely unstable. The ufetubus hits you.
You die...

######## .......#
.......# .##..###
#########
.##..#######.......#
.....).............#
.............#.....#
.##########.##..@†.#
.#
#####.#####5......
...
.........#.......
....
........#..w....
..###
#.......#$...... ..#
#.......#..<....
#..# # .......
##..###.# ...####
#.......# ...


You could see a dart slug and an ufetubus.

Vanquished Creatures
  A worm (D:2)
  A dart slug (D:1)
  An orc (D:2)
  5 endoplasms
  4 giant cockroaches
  4 hobgoblins
  2 jackals (D:2)
  5 quokkas
  3 ball pythons
  4 bats
  2 frilled lizards
  5 goblins
  4 kobolds
  3 rats
44 creatures vanquished.

Vanquished Creatures (collateral kills)
  A giant cockroach (D:1)
  A kobold (D:1)
  A bat (D:1)
3 creatures vanquished.

Grand Total: 47 creatures vanquished

Notes
Turn   | Place    | Note
-------+----------+-------------------------------------------
     0 | D:1      | MuMoEnjoyer the Mummy Monk began the quest for the Orb.
     0 | D:1      | Reached XP level 1. HP: 18/18 MP: 1/1
   722 | D:1      | Reached XP level 2. HP: 17/24 MP: 2/2
   822 | D:1      | Reached skill level 3 in Unarmed Combat
  2009 | D:2      | Gained mutation: You are in touch with the powers of death.
                  | [Mummy growth]
  2009 | D:2      | Reached XP level 3. HP: 17/29 MP: 3/3
  3980 | D:3      | You fall into a shaft and drop 2 floors!
  3980 | D:5      | Entered Level 5 of the Dungeon
  4146 | D:4      | Noticed Menkaure
  4721 | D:4      | Reached skill level 4 in Unarmed Combat
  4722 | D:4      | HP: 1/29 [ufetubus (2)]
  4723 | D:4      | Slain by an ufetubus

Illustrated notes

Levels and vault maps discovered:
D:1:      minmay_arrival_diagonal_passages, layout_loops_ring,
          minmay_heptomino_h4
D:2:      layout_loops_ring
D:3:      layout_rooms, hellmonk_ecumenical_altar_lost_god, minivault_27,
          chequers_serial_rivers_small_a
D:4:      layout_gridville, minmay_temple_entry_antechambers, uniq_menkaure,
          uniq_ijyb
D:5:      layout_loops_ring, nicolae_hepliaklqana_hippocampus, lemuel_tele_altar

Skill      XL: |  1  2  3 |
---------------+----------+-----
Unarmed Combat | 3 4 |  4.0
Fighting       | |  3.0
Dodging        | |  2.4
Stealth        | |  1.5

Action                   || total
-------------------------++-------
Melee: Unarmed           ||   184
       Punch             ||     5
  Use: Scroll            ||     9
 Stab: Sleeping          ||     3
Dodge: Dodged            ||    90
